 Dungeon Crawl Stone Soup version 0.32-a0-928-g1cae6b7ea0 (webtiles) character file.

Game seed: 14489246366552846923

324 Biggs the Magician (level 6, -3/40 HPs)
             Began as a Djinni Conjurer on Apr 12, 2024.
             Slain by a scorpion (5 damage)
             ... on level 4 of the Dungeon.
             The game lasted 00:08:30 (1448 turns).

Biggs the Magician (Djinni Conjurer)                Turns: 1448, Time: 00:08:31

Health: -3/40      AC:  2    Str:  6    XL:     6   Next: 78%
Gold:   140        EV: 11    Int: 22    God:
                   SH:  0    Dex: 11

rFire   + + .        (no weapon)
rCold   x . .        (no shield)
rNeg    . . .        a - +0 robe
rPois   ∞            (no helmet)
rElec   .            (no cloak)
rCorr   .            (no gloves)
SInv    +            (boots unavailable)
Will    .....        (no amulet)
Stlth   ++           n - ring of see invisible
HPRegen 0.26/turn    (no ring)

%: infuse magic (-4 HP)
@: flying
A: sickness immunity, fire resistance 2, cold vulnerability 1, float, innate
caster, HP casting, extra vitality 1
a: no special abilities


You were on level 4 of the Dungeon.
You visited 1 branch of the dungeon, and saw 4 of its levels.
You also visited: Sewer.

You collected 140 gold pieces.

Inventory:

Armour
 a - a +0 robe (worn)
Jewellery
 n - a ring of see invisible (left hand)
Scrolls
 b - 6 scrolls of identify {unknown}
 c - a scroll of teleportation {unknown}
 d - a scroll of brand weapon {unknown}
 e - a scroll of noise {unknown}
 f - 3 scrolls of vulnerability {unknown}
 h - a scroll of summoning {unknown}
 p - a scroll of blinking {unknown}
 q - a scroll of enchant armour {unknown}
Potions
 g - 5 potions of might {unknown}
 i - a potion of attraction {unknown}
 j - 3 potions of heal wounds {unknown}
 k - a potion of magic {unknown}
 l - a potion of cancellation {unknown}
 m - a potion of invisibility {unknown}
 o - a potion of curing {unknown}


   Skills:
 - Level 2.1 Dodging
 - Level 1.5 Stealth
 + Level 6.1 Spellcasting
 + Level 6.1 Conjurations
 + Level 6.1 Hexes
 + Level 6.1 Summonings
 + Level 6.1 Necromancy
 + Level 6.1 Translocations
 + Level 6.1 Fire Magic
 + Level 6.1 Ice Magic
 + Level 6.1 Air Magic
 + Level 6.1 Earth Magic
 + Level 6.1 Alchemy


You knew the following spells:

 Your Spells              Type           Power      Damage    Failure   Level
a - Magic Dart            Conj           100%       1d8       1%          1
b - Searing Ray           Conj           66%        2d6       1%          2
c - Fulminant Prism       Conj/Alch      16%        3d10      7%          4
d - Iskenderun's Mystic Conj/Tloc 33%            2d8        (+2d4     7%          4
e - Freeze                Ice            100%       1d10      1%          1
f - Ensorcelled Hibernat  Hex/Ice        66%        N/A       1%          2
Your spell library was empty.

Dungeon Overview and Level Annotations

Branches:
Dungeon (4/15)              Sewer (visited)
 Temple: D:4-7

Altars:
Trog
Uskayaw


Innate Abilities, Weirdness & Mutations

You are immune to sickness and miasma.
You are immune to poison.
Your flesh is very heat resistant. (rF++)
You are vulnerable to cold. (rC-)
You float through the air rather than walking.
You learn spells naturally, not from books.
Your magical power is your life essence.
You have superior vitality. (+4 MHP)


Message History

Unknown command.
The searing ray hits the hound!
You kill the hound!
Unknown command.
Casting: Searing Ray (safe; 1% risk of failure)
Confirm with . or Enter, or press ? or * to list all spells.
Restarting spell: Searing Ray (safe; 1% risk of failure)
Press: ? - help, Shift-Dir - straight line, f - scorpion
Aim: a scorpion (81% to hit)
The searing ray hits the scorpion.
The scorpion is lightly wounded. (Press . to maintain the ray.)
The scorpion misses you.
The searing ray hits the scorpion!
The scorpion is heavily wounded.
The scorpion barely misses you.
Unknown command.
The searing ray misses the scorpion.
The scorpion barely misses you.
Unknown command.
The searing ray misses the scorpion.
You finish channelling your searing ray.
The scorpion stings you.
Casting: Searing Ray (safe; 1% risk of failure)
Confirm with . or Enter, or press ? or * to list all spells.
Aiming: Searing Ray (safe; 1% risk of failure)
Press: ? - help, Shift-Dir - straight line, f/p - scorpion
Aim: a scorpion (heavily wounded, 81% to hit)
The searing ray hits the scorpion.
The scorpion is severely wounded. (Press . to maintain the ray.)
The scorpion stings you!
* * * LOW HITPOINT WARNING * * *
The scorpion stings you!
* * * LOW HITPOINT WARNING * * *
Unknown command.
The searing ray hits the scorpion but does no damage.
The scorpion is severely wounded.
* * * LOW HITPOINT WARNING * * *
The scorpion stings you.
You die...

....#. ......
#...... .......
.......
.#######.......
........s..†...
...†.s.@.......
.........##...#
.........# #
#........#
##.......#
##......#
......##
.......#


You could see 2 scorpions.

Vanquished Creatures
  A black bear (D:4)
  A hound (D:4)
  An orc priest (D:3)
  A sleepcap (D:3)
  8 adders
  2 orcs (D:3)
  10 endoplasms
  3 giant cockroaches
  4 goblins
  3 hobgoblins
  4 quokkas
  11 ball pythons
  7 bats
  2 frilled lizards
  15 kobolds
  4 rats
77 creatures vanquished.

Notes
Turn   | Place    | Note
-------+----------+-------------------------------------------
     0 | D:1      | Biggs the Djinni Conjurer began the quest for the Orb.
     0 | D:1      | Biggs set off with the following spells memorised: Magic
                  | Dart, Searing Ray, Fulminant Prism, Iskenderun's Mystic
                  | Blast.
     0 | D:1      | Reached XP level 1. HP: 15/15 MP: 0/0
    60 | D:1      | Reached XP level 2. HP: 19/21 MP: 0/0
   240 | D:1      | Reached XP level 3. HP: 22/25 MP: 0/0
   240 | D:1      | Learned a level 1 spell: Freeze
   701 | D:3      | Reached XP level 4. HP: 19/31 MP: 0/0
   889 | D:3      | Found a glowing drain.
   913 | D:3      | Reached XP level 5. HP: 32/35 MP: 0/0
   913 | D:3      | Learned a level 2 spell: Ensorcelled Hibernation
   925 | D:3      | Reached skill level 5 in Spellcasting
   925 | D:3      | Reached skill level 5 in Conjurations
   925 | D:3      | Reached skill level 5 in Hexes
   925 | D:3      | Reached skill level 5 in Summonings
   925 | D:3      | Reached skill level 5 in Necromancy
   925 | D:3      | Reached skill level 5 in Translocations
   925 | D:3      | Reached skill level 5 in Fire Magic
   925 | D:3      | Reached skill level 5 in Ice Magic
   925 | D:3      | Reached skill level 5 in Air Magic
   925 | D:3      | Reached skill level 5 in Earth Magic
   925 | D:3      | Reached skill level 5 in Alchemy
   936 | Sewer    | Entered a sewer
  1210 | D:3      | Reached XP level 6. HP: 35/40 MP: 0/0
  1310 | D:3      | Found a bloodstained altar of Trog.
  1340 | D:3      | Found a hide-covered altar of Uskayaw.
  1432 | D:4      | Noticed a black bear
  1438 | D:4      | Killed a black bear
  1448 | D:4      | Slain by a scorpion

Illustrated notes

Levels and vault maps discovered:
D:1:      dpeg_arrival_more_subterranean_lakeside_camping, layout_basic
D:2:      layout_loops_corners, serial_shops, nicolae_shop_tiny_real_fake_doors
D:3:      layout_loops_corners, mainiacjoe_overflow_two_lobes,
          gup_sewer_entry_glass, kennysheep_nondescript
D:4:      layout_rooms, hangedman_ru_absence, minmay_temple_entry_waves,
          serial_library_regret_index_small_wings

Skill      XL: |  1  2  3  4  5  6 |
---------------+-------------------+-----
Spellcasting   | 4 5 6 |  6.1
Conjurations   | 4 5 6 |  6.1
Hexes          | 4 5 6 |  6.1
Summonings     | 4 5 6 |  6.1
Necromancy     | 4 5 6 |  6.1
Translocations | 4 5 6 |  6.1
Fire Magic     | 4 5 6 |  6.1
Ice Magic      | 4 5 6 |  6.1
Air Magic      | 4 5 6 |  6.1
Earth Magic    | 4 5 6 |  6.1
Alchemy        | 4 5 6 |  6.1
Dodging        | |  2.1
Stealth        | |  1.5

Action                     |  1- 3 |  4- 6 || total
---------------------------+-------+-------++-------
  Melee: Unarmed           |     1 |     3 ||     4
   Cast: Magic Dart        |    38 |    11 ||    49
         Searing Ray       |    18 |    32 ||    50
         Iskenderun's Myst |       |     2 ||     2
 Armour: Robe              |     6 |    18 ||    24
  Dodge: Dodged            |     6 |    17 ||    23

Table legend: (Time is in decaauts)
 A = Elapsed time spent in this place.
 B = Non-inter-level travel time spent in this place.
 C = Inter-level travel time spent in this place.
 D = Time resting spent in this place.
 E = Time spent auto-exploring this place.
 F = Levels seen in this place.
 G = Mean time per level.
                   A        B        C        D        E       F      G
               +--------+--------+--------+--------+--------+-----+--------+
         Total |   1446 |   1446 |      0 |    147 |      0 |   5 |  289.2 |
       Dungeon |   1193 |   1193 |      0 |     77 |      0 |   4 |  298.2 |
         Sewer |    252 |    252 |      0 |     70 |      0 |   1 |  252.0 |
               +--------+--------+--------+--------+--------+-----+--------+

Top non-repeatable levels by time:
     D:3: 495 daAuts
     D:1: 352 daAuts
     D:2: 330 daAuts
   Sewer: 252 daAuts
     D:4: 15 daAuts
